Map: King Sejong Station LE

Players

Widowmaker

  • Race: Terran Terran
  • League: Diamond

Fudge - Winner!

  • Race: Zerg Zerg
  • League: Diamond

VOD

Have the link to the VOD?

Description

Rush Ultras and a move to vistory

Time

  • Played on: Aug. 30, 2016, 11:14 a.m.
  • Length: 13:18
Show
View Real Time Build Order
Export as new Build Order

Widowmaker Terran 

Build Orders: Reaper Expand 

Get SALT Encoding   

  12  0:06  SCV  
  13  0:18  SCV  
  14  0:23  Supply Depot  
  14  0:31  SCV  
  15  0:44  SCV  
  15  0:46  Barracks  
  15  0:49  Refinery  
  16  0:56  SCV  
  17  1:14  SCV  
  18  1:33  Orbital Command  
  18  1:34  Reaper  
  19  1:47  Command Center  
  19  1:56  Supply Depot  
  19  1:59  SCV  
  20  2:10  Barracks  
  20  2:14  Marine, SCV  
  22  2:22  Refinery  
  22  2:27  SCV  
  23  2:36  Factory  
  23  2:42  Barracks Reactor  
  23  2:49  SCV  
  24  3:00  Orbital Command  
  24  3:03  SCV  
  25  3:06  Barracks Tech Lab  
  25  3:15  SCV  
  25  3:19  Marine x2  
  28  3:20  Orbital Command  
  28  3:23  Starport  
  28  3:24  Factory Reactor  
  28  3:28  Bunker  
  28  3:31  Marine  
  28  3:32  Stimpack  
  29  3:34  SCV  
  30  3:44  Marine  
  30  3:45  Marine  
  30  3:47  Supply Depot  
  32  3:52  SCV  
  33  4:04  Marine x3  
  35  4:10  Medivac x2  
  35  4:15  SCV  
  40  4:20  SCV  
  40  4:22  Widow Mine  
  40  4:24  Marine  
  43  4:26  Marine  
  43  4:27  SCV  
  46  4:33  Supply Depot, Marine  
  46  4:35  SCV  
  48  4:47  Marine x2  
  48  4:51  Marine  
  51  4:54  Supply Depot  
  51  4:56  Supply Depot  
  51  4:58  Widow Mine  
  53  5:00  SCV x2  
  55  5:07  Engineering Bay x2  
  55  5:08  Marine, Medivac x2  
  55  5:12  SCV  
  55  5:13  Marine  
  62  5:15  Marine  
  62  5:19  SCV  
  64  5:26  Marine  
  65  5:28  Widow Mine  
  67  5:36  Barracks  
  67  5:39  Barracks  
  67  5:46  Marine x3  
  67  5:47  Medivac x2  
  74  5:52  SCV x2  
  74  5:55  Terran Infantry Weapons Level 1  
  75  6:04  Marine  
  75  6:10  SCV x2  
  78  6:12  Terran Infantry Armor Level 1  
  78  6:29  Supply Depot  
  78  6:30  Barracks Reactor  
  78  6:33  Marine  
  78  6:34  SCV  
  78  6:44  SCV  
  78  6:51  Barracks Reactor, Marine  
  45  7:07  Marine x4  
  45  7:08  Orbital Command  
  47  7:09  Marine  
  44  7:25  Marine x4  
  40  7:46  Marine, SCV x2  
  40  7:47  Marine x6  
  49  7:58  SCV  
  50  8:00  Bunker  
  50  8:02  Supply Depot  
  50  8:03  Supply Depot  
  50  8:09  Marine x5  
  50  8:10  Marine x2  
  57  8:13  Medivac x2  
  57  8:15  Supply Depot  
  61  8:23  SCV x2  
  61  8:26  Widow Mine  
  61  8:27  Marine x2  
  65  8:28  Marine x3  
  65  8:29  Marine x2  
  72  8:34  Supply Depot  
  72  8:44  Marine  
  72  8:45  Marine  
  72  8:46  Marine  
  72  8:48  Marine x4  
  78  8:52  SCV  
  80  9:13  Marine x3  
  80  9:14  Marine  
  84  9:19  Marine x2  
  84  9:20  Marine  
  87  9:31  Marine x3  
  90  9:38  SCV  
  90  9:41  Command Center  
  90  9:44  SCV  
  92  9:51  SCV  
  93  9:56  SCV  
  94  10:00  Armory  
  94  10:08  Supply Depot  
  94  10:12  Factory Reactor  
  94  10:19  Supply Depot  
  94  10:29  Marine x6, SCV x2  
  94  10:31  Marine  
  79  10:51  Marine x3  
  79  10:52  Marine x3  
  84  11:02  Marine  
  82  11:08  Viking x2  
  82  11:09  Marine  
  82  11:11  Barracks  
  87  11:12  Barracks  
  87  11:14  Marine x2  
  89  11:22  Marine x2  
  87  11:34  Marine x2  
  87  11:35  Marine x2  
  87  11:36  Marauder  
  88  11:46  Viking x2  
  92  11:47  Planetary Fortress  
  92  11:49  SCV x2  
  94  11:55  Marine x5  
  97  12:02  Barracks Tech Lab x2, Widow Mine  
  97  12:06  SCV x2  
  101  12:11  Marauder  
  103  12:22  Marine x3, Marauder x2  
  103  12:30  SCV  
  103  12:33  SCV  
  103  12:34  SCV  
  105  12:42  SCV  
Show
View Real Time Build Order
Export as new Build Order

Fudge Zerg - Winner!

Build Orders: Hatch First 

Get SALT Encoding   

  12  0:03  Drone  
  13  0:19  Drone  
  14  0:21  Overlord  
  14  0:24  Extractor  
  14  0:25  Drone  
  15  0:40  Drone  
  15  0:41  Drone  
  17  0:52  Drone  
  18  1:01  Hatchery  
  18  1:02  Drone  
  18  1:33  Drone x2  
  18  1:36  Spawning Pool  
  18  1:38  Extractor  
  18  1:48  Drone  
  18  1:52  Drone  
  20  1:56  Hatchery  
  20  2:01  Drone  
  20  2:07  Drone  
  21  2:14  Drone  
  22  2:21  Drone  
  22  2:22  Queen  
  23  2:25  Zergling x2  
  26  2:33  Queen  
  28  2:39  Metabolic Boost  
  27  2:52  Zergling x2  
  27  2:54  Overlord  
  28  2:59  Overlord x2  
  28  3:07  Queen  
  28  3:12  Drone x2  
  32  3:15  Drone  
  33  3:20  Drone  
  33  3:21  Drone  
  33  3:23  Drone  
  36  3:31  Lair  
  36  3:34  Drone  
  36  3:36  Drone  
  36  3:38  Drone  
  39  3:41  Drone  
  39  3:46  Extractor, Drone x2  
  39  3:47  Drone  
  42  3:50  Drone  
  42  3:53  Drone  
  43  4:14  Baneling Nest  
  43  4:15  Drone x2  
  43  4:16  Drone x2  
  46  4:18  Drone, Evolution Chamber  
  46  4:19  Drone  
  46  4:20  Drone x3  
  46  4:21  Drone x3  
  46  4:24  Extractor  
  52  4:25  Extractor  
  52  4:31  Drone x2  
  53  4:36  Infestation Pit  
  53  4:37  Drone x3  
  55  5:00  Evolution Chamber  
  55  5:01  Zerg Ground Armor Level 1  
  54  5:14  Overlord x3  
  54  5:17  Overlord x2  
  54  5:28  Zerg Melee Weapons Level 1  
  54  5:30  Hive  
  54  5:34  Zergling x6  
  54  5:35  Zergling x10  
  62  5:37  Zergling x4  
  62  5:38  Zergling x2  
  57  5:45  Zergling x8  
  57  5:46  Zergling x4  
  57  5:47  Zergling x2  
  57  5:48  Zergling x4  
  65  5:53  Zergling x8  
  65  5:55  Baneling x3  
  67  6:14  Zergling x4  
  67  6:18  Zergling x8  
  73  6:20  Overlord x2  
  73  6:21  Overlord  
  72  6:28  Baneling  
  72  6:29  Baneling x7  
  72  6:30  Baneling x6  
  72  6:31  Baneling x2  
  27  7:18  Zergling x4  
  27  7:19  Zergling x2  
  27  7:20  Zergling x6  
  27  7:21  Zergling x8  
  38  7:22  Drone  
  38  7:23  Drone x5  
  43  7:30  Zerg Melee Weapons Level 2  
  43  7:45  Zergling x2  
  44  7:55  Zerg Ground Armor Level 2  
  44  7:57  Ultralisk Cavern  
  44  8:05  Drone x2  
  44  8:06  Drone  
  46  8:19  Overseer x2  
  46  8:30  Drone x2  
  46  8:32  Drone x6  
  46  8:33  Drone x2  
  56  8:41  Queen  
  56  8:43  Drone  
  56  8:46  Chitinous Plating  
  59  8:50  Drone  
  59  8:54  Drone x2  
  62  8:56  Drone  
  62  9:18  Spire  
  61  9:37  Ultralisk  
  67  9:41  Hatchery  
  67  9:44  Zergling x2  
  67  9:45  Overlord x2  
  67  9:47  Adrenal Glands  
  67  9:52  Overlord x2  
  67  10:08  Ultralisk  
  67  10:11  Drone x2  
  67  10:12  Drone x2  
  77  10:14  Drone  
  78  10:25  Baneling  
  78  10:26  Baneling x3  
  78  10:27  Baneling  
  64  10:58  Ultralisk x2  
  64  10:59  Zergling x12  
  64  11:01  Zergling x6  
  80  11:39  Mutalisk x5  
  86  11:43  Drone x3  
  93  11:51  Spore Crawler, Burrow  
  93  11:52  Spine Crawler  
  89  12:07  Drone x2  
  88  12:26  Mutalisk x3  
  88  12:27  Mutalisk  
  88  12:29  Drone  
  97  12:36  Overlord x2  
Tags
 
Add a new tag
Caveats
  • Supply blocks, unpowered buildings, or Contaminate may cause inaccurate times.
  • Supply counts are checked every 10 seconds.